 Dungeon Crawl Stone Soup version 0.29.1-12-g30fa7ad0bf (webtiles) character file.

Game seed: 898368296272235992

35 Radix the Chopper (level 3, -6/34 HPs)
             Began as a Hill Orc Monk on Dec 14, 2022.
             Mangled by Sigmund
             ... wielding a +0 scythe
              (9 damage)
             ... on level 2 of the Dungeon.
             The game lasted 00:06:15 (1286 turns).

Radix the Chopper (Hill Orc Monk)                   Turns: 1286, Time: 00:06:16

Health: -6/34      AC:  2    Str: 15    XL:     3   Next: 35%
Magic:  3/3        EV: 12    Int: 10    God:
Gold:   75         SH:  0    Dex: 13    Spells: 2/2 levels left

rFire   . . .      SeeInvis .   a - +0 hand axe
rCold   . . .      Faith    .   (no shield)
rNeg    . . .      Spirit   .   b - +0 robe
rPois   .          Reflect  .   (no helmet)
rElec   .          Harm     .   (no cloak)
rCorr   .          Rampage  .   (no gloves)
Will    .....                   (no boots)
Stlth   ++........              (no amulet)
HPRegen 0.11/turn               (no ring)
MPRegen 0.08/turn               (no ring)

@: no status effects
A: no striking features
a: no special abilities


You were on level 2 of the Dungeon.
You visited 1 branch of the dungeon, and saw 2 of its levels.

You collected 75 gold pieces.

Inventory:

Hand Weapons
 a - a +0 hand axe (weapon)
Armour
 b - a +0 robe (worn)
Scrolls
 d - 5 scrolls of identify {unknown}
 e - 3 scrolls of teleportation {unknown}
 g - a scroll of fog {unknown}
 j - a scroll of amnesia {unknown}
Potions
 c - a potion of ambrosia
 f - 2 potions of curing {unknown}
 h - a potion of heal wounds {unknown}
 i - a potion of degeneration {unknown}


   Skills:
 + Level 4.5 Fighting
 + Level 4.9 Axes
 - Level 2.4 Dodging
 - Level 1.5 Stealth


You had 2 spell levels left.
You didn't know any spells.
Your spell library contained the following spells:

 Spells                   Type           Power      Damage    Failure   Level
 Stone Arrow              Conj/Erth      0%         3d7       75%         3
 Animate Armour           Summ/Erth      0%         N/A       98%         4
 Lehudib's Crystal Spear  Conj/Erth      0%         10d2      100%        8


Dungeon Overview and Level Annotations

Branches:
Dungeon (2/15)

Altars:

Annotations:
D:2 Sigmund


Message History

You see here a scroll labelled GOARRE TAEB.
You hit the rat.
You kill the rat!
j - a scroll labelled GOARRE TAEB You pick up a book of Armaments and begin reading...
You add the spells Stone Arrow, Animate Armour and Lehudib's Crystal Spear to your library.
You see here a +0 robe.
You see here a giant cockroach corpse.
Found a fizzy yellow potion.
Sigmund and an endoplasm come into view.
Sigmund is wielding a +0 scythe and wearing a +2 robe of fire resistance.
Found a large granite ring.
Sigmund shouts!
Sigmund casts a spell at you. The magic dart hits you.
The endoplasm quivers.
Sigmund gestures at you while chanting. The puff of flame hits you!
Sigmund gestures wildly while chanting.
Sigmund flickers and vanishes!
Deactivating autopickup; reactivate with Ctrl-A.
There is a stone staircase leading down here.
You hit the endoplasm but do no damage. The endoplasm barely misses you.
Something hits you.
You barely miss the endoplasm.
The endoplasm hits you but does no damage.
Something hits you.
You hit the endoplasm but do no damage. The endoplasm freezes you.
You are frozen.
* * * LOW HITPOINT WARNING * * *
You hit the endoplasm.
The endoplasm is moderately wounded.
The endoplasm freezes you.
You are frozen.
* * * LOW HITPOINT WARNING * * *
Something hits you.
* * * LOW HITPOINT WARNING * * *
The endoplasm barely misses you. Something hits you!
You die...

#.. #.# #.# #########
#.# #.......# #.# ###
#.......# #.# ..
#.......####'## #.
#.......#.....####.
#.@.....+..........
###.J.....#..........
#......##..###'#.....
#......##....#.#.....
#............#.##....
#.....##.......##....
#.....##.##......##..
#.....#..........####
#.....#...#####..#


You could see an endoplasm.

Vanquished Creatures
  2 dart slugs (D:1)
  4 ball pythons
  4 endoplasms
  A giant cockroach (D:2)
  3 goblins (D:1)
  2 hobgoblins
  2 quokkas (D:1)
  5 bats
  2 frilled lizards
  2 kobolds (D:2)
  3 rats
30 creatures vanquished.

Notes
Turn   | Place    | Note
-------+----------+-------------------------------------------
     0 | D:1      | Radix the Hill Orc Monk began the quest for the Orb.
     0 | D:1      | Reached XP level 1. HP: 19/19 MP: 1/1
   106 | D:1      | Found a faded altar of an unknown god.
   210 | D:1      | Reached XP level 2. HP: 25/27 MP: 2/2
   711 | D:1      | Reached XP level 3. HP: 34/34 MP: 3/3
  1256 | D:2      | Noticed Sigmund
  1286 | D:2      | Mangled by Sigmund

Illustrated notes

Levels and vault maps discovered:
D:1:      psy_arrival_terrarium, layout_loops_corners,
          chequers_ecumenical_altar_island, nicolae_eternal_life
D:2:      layout_basic, serial_curves, eino_curves_03, eino_curves_02,
          minmay_split_cup_small, uniq_sigmund

Skill      XL: |  1 |
---------------+----+-----
Fighting       | 4 |  4.5
Axes           | |  4.9
Dodging        | |  2.4
Stealth        | |  1.5

Action                   || total
-------------------------++-------
Melee: Hand axe          ||    74
       Punch             ||     2
 Stab: Sleeping          ||     2
Armor: Robe              ||    15
Dodge: Dodged            ||    61
